AoeStats
← [KMNB] Bandeira

African Clearing

505433676Analyzed
2v2 RM · 24d ago on Sep 9, 2026· 56m 56s· 4 players
Game mode
Random Map
Map size
Medium (4 player)
Population
200
Speed
Normal
Resources
Standard
Victory
Conquest
Starting age
Dark Age
Ending age
Imperial Age
RankedLock teamsTeams togetherTeam positionsShared explorationLock speedFull tech treeHidden civsTurbo modeCheats
Victory
Defeat
🇧🇷 Huns · Brazil
1633
+14
🇧🇷 Persians · Brazil
1623
+15
🇧🇷 Huns · Brazil
1609
-15
🇨🇿 Berbers · Czechia
1582
-14
p1c0
3:40 Loom
12:09 Feudal Age
12:39 Double-Bit Axe
14:02 Scale Barding Armor
14:28 Forging
16:36 Fletching
32:15 Castle Age
36:07 Castle Age
34:57 Horse Collar
37:06 Wheelbarrow
38:43 Bow Saw
45:59 Heavy Plow
47:55 Hand Cart
51:00 Iron Casting
50:46 Chain Barding Armor
50:34 Husbandry
50:46 Bloodlines
49:59 Light Cavalry
Simonz
12:23 Feudal Age
13:49 Loom
16:21 Castle Age
15:20 Double-Bit Axe
16:04 Fletching
17:20 Bow Saw
18:09 Bodkin Arrow
23:05 Horse Collar
24:38 Padded Archer Armor
26:44 Wheelbarrow
28:21 Town Watch
28:41 Gold Mining
29:57 Ballistics
30:03 Husbandry
30:14 Bloodlines
30:28 Bow Saw
30:30 Thumb Ring
31:44 Leather Archer Armor
33:17 Gold Shaft Mining
32:35 Stone Mining
36:29 Imperial Age
35:12 Heavy Plow
36:00 Hand Cart
37:30 Bracer
38:38 Chemistry
39:22 Conscription
39:22 Elite Camel Archer
41:01 Ring Archer Armor
43:47 Maghrebi Camels
43:48 Kasbah
44:45 Scale Barding Armor
44:50 Forging
44:18 Heavy Camel Rider
46:53 Chain Barding Armor
47:10 Iron Casting
48:23 Masonry
49:20 Plate Barding Armor
[KMNB] Bandeira
8:32 Loom
11:46 Feudal Age
12:11 Double-Bit Axe
20:00 Horse Collar
22:28 Castle Age
20:41 Gold Mining
21:37 Forging
21:34 Scale Barding Armor
22:06 Bloodlines
23:08 Husbandry
29:44 Chain Barding Armor
34:27 Wheelbarrow
36:55 Iron Casting
43:06 Hand Cart
49:23 Imperial Age
49:02 Cavalier
50:07 Cavalier
51:15 Savar
52:58 Blast Furnace
52:34 Plate Barding Armor
52:34 Heavy Plow
53:54 Light Cavalry
55:23 Hussar
Fs.Khronos
5:57 Loom
11:12 Feudal Age
11:44 Double-Bit Axe
14:31 Fletching
22:54 Castle Age
22:18 Padded Archer Armor
22:03 Horse Collar
23:47 Bodkin Arrow
28:30 Bow Saw
33:48 Heavy Plow
35:05 Leather Archer Armor
35:11 Ballistics
37:13 Thumb Ring
37:24 Husbandry
37:59 Bloodlines
39:13 Wheelbarrow
38:23 Town Watch
42:38 Imperial Age
40:44 Gold Mining
40:45 Stone Mining
41:29 Hand Cart
41:16 Town Patrol
42:27 Gold Shaft Mining
42:42 Capped Ram
43:25 Bracer
44:28 Chemistry
44:00 Parthian Tactics
44:02 Heavy Cavalry Archer
45:50 Light Cavalry
46:36 Scale Barding Armor
46:41 Forging
45:57 Siege Ram
47:46 Conscription
47:38 Masonry
47:24 Murder Holes
48:32 Two-Man Saw
48:32 Coinage
48:52 Hussar
49:54 Chain Barding Armor
50:10 Iron Casting
51:14 Plate Barding Armor
53:23 Blast Furnace
Connection lost

Rejoining the realm…

Still unreachable

The connection could not be restored.

Session expired

The server has moved on; the page needs a fresh start.